 Dungeon Crawl Stone Soup version 0.28-a0-382-g33c4956463 (webtiles) character file.

Game seed: 10553896993656373644

766607 McIrco the Minotaur Barricade (level 27, -4/245 HPs)
             Began as a Minotaur Fighter on Sept 2, 2021.
             Was an Initiate of Gozag.
             Killed from afar by an orb of fire (12 damage)
             ... with a bolt of fire
             ... on level 5 of the Realm of Zot.
             The game lasted 03:21:24 (79505 turns).

McIrco the Minotaur Barricade (Minotaur Fighter)   Turns: 79505, Time: 03:21:24

Health: -4/245     AC: 42    Str: 33    XL:     27
Magic:  31/31      EV: 13    Int:  9    God:    Gozag
Gold:   26497      SH: 25    Dex: 15    Spells: 26/26 levels left

rFire   + + +      SeeInvis +   A - +5 broad axe of Buh Gaoh {distort, rF+++ rCorr MP+9 Str-4}
rCold   + + .      Faith    .   R - +0 tower shield
rNeg    + + +      Spirit   .   b - +0 crystal plate armour
rPois   +          Reflect  .   (helmet restricted)
rElec   +          Harm     .   u - +2 cloak
rCorr   +          Rampage  .   Z - +0 pair of gloves of a wizard's laboratory {Contam Regen+ Str+7 Dex+4}
Will    +++++      Clarity  +   m - +2 pair of boots of the Robin {rElec rC- rN+++}
Stlth   ..........              I - amulet of the Four Winds {rN+ Will+++ Clar}
HPRegen 1.50/turn               y - ring of the Tortoise {AC+8}
MPRegen 0.22/turn               O - ring "Taisutzukh" {rPois rC+++ rCorr Str-3 Slay+4}

@: about to teleport, gold aura, studying 2 skills, bribing [the Realm of Zot],
very slow
A: horns 2, retaliatory headbutt, talons 1, see invisible, clever 2, deformed
body, frail 1, screaming 1, evolution 1, no potion heal 1
}: 4/15 runes: serpentine, barnacled, slimy, silver
a: Renounce Religion, Potion Petition, Call Merchant, Bribe Branch


You were on level 5 of the Realm of Zot.
You worshipped Gozag.
Gozag was extremely pleased with you.
You visited 12 branches of the dungeon, and saw 58 of its levels.
You visited the Abyss 5 times.
You also visited: Bailey and Volcano.

You collected 35000 gold pieces.
You spent 3326 gold pieces at shops.
You paid 5177 gold pieces to Gozag.

Inventory:

Hand Weapons
 a - a +0 war axe of electrocution
 A - the +5 broad axe of Buh Gaoh (weapon) {distort, rF+++ rCorr MP+9 Str-4}
   (You took it off a vault guard on level 5 of the Vaults)

   It warps and distorts space around it, and may blink, banish, or inflict
   extra damage upon those it strikes.
   Unwielding it can cause banishment or high damage.
   Str:       It affects your strength (-4).
   rF:        It renders you almost immune to fire.
   MP:        It affects your magic capacity (+9).
   rCorr:     It protects you from acid and corrosion.
Armour
 b - a +0 crystal plate armour (worn)
 h - the +9 plate armour "Kooss" {rC- rN++ MP+9 Stlth+}
   (You found it on level 3 of the Realm of Zot)

   rC:        It makes you vulnerable to cold.
   rN:        It greatly protects you from negative energy.
   MP:        It affects your magic capacity (+9).
   Stlth:     It makes you more stealthy.
 m - the +2 pair of boots of the Robin (worn) {rElec rC- rN+++}
   (You found it on level 1 of the Crypt)

   rC:        It makes you vulnerable to cold.
   rElec:     It insulates you from electricity.
   rN:        It renders you almost immune to negative energy.
 u - a +2 cloak (worn)
 R - a +0 tower shield (worn)
 Z - the +0 pair of gloves of a wizard's laboratory (worn) {Contam Regen+ Str+7 Dex+4}
   (You found it on level 5 of the Lair of Beasts)

   Str:       It affects your strength (+7).
   Dex:       It affects your dexterity (+4).
   Contam:    It causes magical contamination when unequipped.
   Regen:     It increases your rate of health regeneration.
Jewellery
 c - the ring "Jox Laus" {rElec rPois rF+ MP+9 Str-4}
   (You found it on level 1 of the Shoals)

   [ring of magical power]

   Str:       It affects your strength (-4).
   rF:        It protects you from fire.
   rElec:     It insulates you from electricity.
   rPois:     It protects you from poison.
   MP:        It affects your magic capacity (+9).
 k - the ring "Voqiomad" {Fly MP+9}
   (You found it on level 6 of the Lair of Beasts)

   [ring of magical power]

   MP:        It affects your magic capacity (+9).
   Fly:       It grants you flight.
 o - a +4 ring of evasion
 t - the ring "Puompos" {rElec rCorr AC+4 Dex+7 Slay-5}
   (You took it off a deep elf elementalist on level 3 of the Elven Halls)

   [ring of protection]

   AC:        It affects your AC (+4).
   Dex:       It affects your dexterity (+7).
   Slay:      It affects your accuracy & damage with ranged weapons and melee
   (-5).
   rElec:     It insulates you from electricity.
   rCorr:     It protects you from acid and corrosion.
 y - the ring of the Tortoise (left hand) {AC+8}
   (You found it on level 5 of the Vaults)

   [ring of protection]

   AC:        It affects your AC (+8).
 I - the amulet of the Four Winds (around neck) {rN+ Will+++ Clar}
   (You found it on level 3 of the Elven Halls)

   [amulet of nothing]

   rN:        It protects you from negative energy.
   Clar:      It protects you against confusion.
   Will:      It greatly increases your willpower.
 O - the ring "Taisutzukh" (right hand) {rPois rC+++ rCorr Str-3 Slay+4}
   (You found it on level 11 of the Dungeon)

   [ring of slaying]

   Str:       It affects your strength (-3).
   Slay:      It affects your accuracy & damage with ranged weapons and melee
   (+4).
   rC:        It renders you almost immune to cold.
   rPois:     It protects you from poison.
   rCorr:     It protects you from acid and corrosion.
Wands
 l - a wand of paralysis (39)
 x - a wand of acid (31)
 z - a wand of polymorph (56)
 C - a wand of mindburst (28)
 N - a wand of iceblast (89)
 W - a wand of charming (41)
Scrolls
 g - 7 scrolls of blinking
 n - 10 scrolls of immolation
 r - 16 scrolls of enchant armour
 w - a scroll of amnesia
 B - 4 scrolls of silence
 E - 12 scrolls of enchant weapon
 F - 4 scrolls of acquirement
 M - 4 scrolls of summoning
 P - 37 scrolls of identify
 Q - 2 scrolls of fog
 T - 17 scrolls of teleportation
 U - 3 scrolls of holy word
 Y - 11 scrolls of magic mapping
Potions
 e - 27 potions of curing
 i - 2 potions of berserk rage
 j - a potion of heal wounds
 p - 4 potions of cancellation
 q - 9 potions of resistance
 D - 8 potions of mutation
 G - 10 potions of lignification
 H - a potion of brilliance
 J - 9 potions of might
 K - 7 potions of invisibility
 L - 8 potions of ambrosia
 V - 6 potions of haste
Miscellaneous
 d - a condenser vane (inert)
 f - a tin of tremorstones (inert)
 s - a lightning rod (4/4) (quivered)
 v - a phial of floods (inert)
 S - a box of beasts
 X - a phantom mirror


   Skills:
 O Level 27 Fighting
 O Level 27 Axes
 O Level 27 Armour
 + Level 10.3 Dodging
 O Level 27 Shields
 + Level 21.8 Evocations


You had 26 spell levels left.
You didn't know any spells.
Your spell library contained the following spells:

 Spells                   Type           Power      Damage    Failure   Level
 Animate Skeleton         Necr           0%         N/A       88%         1
 Apportation              Tloc           0%         N/A       88%         1
 Beastly Appendage        Tmut           0%         N/A       88%         1
 Corona                   Hex            0%         N/A       88%         1
 Foxfire                  Conj/Fire      0%         2x1d4     88%         1
 Freeze                   Ice            0%         1d3       88%         1
 Magic Dart               Conj           0%         1d3       88%         1
 Sandblast                Erth           0%         2d4       88%         1
 Sting                    Tmut/Pois      0%         1d3       88%         1
 Summon Small Mammal      Summ           0%         N/A       88%         1
 Call Imp                 Summ           0%         N/A       95%         2
 Corpse Rot               Necr/Air       N/A        N/A       95%         2
 Ensorcelled Hibernation  Hex/Ice        0%         N/A       95%         2
 Poisonous Vapours        Pois/Air       0%         N/A       95%         2
 Searing Ray              Conj           0%         3d3       95%         2
 Slow                     Hex            0%         N/A       95%         2
 Sublimation of Blood     Necr           0%         N/A       95%         2
 Wereblood                Tmut           0%         N/A       95%         2
 Call Canine Familiar     Summ           0%         N/A       99%         3
 Confusing Touch          Hex            0%         N/A       99%         3
 Conjure Flame            Conj/Fire      0%         6-21      99%         3
 Dazzling Flash           Conj/Hex       0%         N/A       99%         3
 Frozen Ramparts          Ice            0%         1d2       99%         3
 Gell's Gravitas          Tloc           0%         N/A       99%         3
 Ignite Poison            Fire/Tmut/Pois 0%         N/A       99%         3
 Inner Flame              Hex/Fire       0%         N/A       99%         3
 Mephitic Cloud           Conj/Pois/Air  0%         N/A       99%         3
 Ozocubu's Armour         Ice            0%         N/A       99%         3
 Portal Projectile        Hex/Tloc       0%         N/A       99%         3
 Spider Form              Tmut/Pois      0%         N/A       99%         3
 Stone Arrow              Conj/Erth      0%         3d7       99%         3
 Summon Guardian Golem    Hex/Summ       0%         N/A       99%         3
 Teleport Other           Tloc           0%         N/A       99%         3
 Tukima's Dance           Hex            0%         N/A       99%         3
 Vampiric Draining        Necr           0%         2d6       99%         3
 Animate Armour           Summ/Erth      0%         N/A       100%        4
 Animate Dead             Necr           0%         N/A       100%        4
 Cause Fear               Hex            0%         N/A       100%        4
 Fulminant Prism          Conj/Hex       0%         3d6       100%        4
 Hailstorm                Conj/Ice       0%         3d3       100%        4
 Ice Form                 Ice/Tmut       0%         N/A       100%        4
 Leda's Liquefaction      Hex/Erth       0%         N/A       100%        4
 Passage of Golubria      Tloc           N/A        N/A       100%        4
 Petrify                  Tmut/Erth      0%         N/A       100%        4
 Sticky Flame             Conj/Fire      0%         2d3       100%        4
 Summon Ice Beast         Ice/Summ       0%         N/A       100%        4
 Summon Lightning Spire   Summ/Air       0%         N/A       100%        4
 Alistair's Intoxication  Tmut/Pois      0%         N/A       100%        5
 Blade Hands              Tmut           0%         N/A       100%        5
 Bolt of Magma            Conj/Fire/Erth 0%         4d4       100%        5
 Borgnjor's Vile Clutch   Necr/Erth      0%         N/A       100%        5
 Freezing Cloud           Conj/Ice/Air   0%         6-21      100%        5
 Irradiate                Conj/Tmut      0%         3d14      100%        5
 Metabolic Englaciation   Hex/Ice        0%         N/A       100%        5
 Silence                  Hex/Air        0%         N/A       100%        5
 Summon Forest            Summ/Tloc      0%         N/A       100%        5
 Summon Mana Viper        Hex/Summ       0%         N/A       100%        5
 Yara's Violent Unravell  Hex/Tmut       0%         3d3       100%        5
 Death Channel            Necr           0%         N/A       100%        6
 Dispersal                Tloc           0%         N/A       100%        6
 Eringya's Noxious Bog    Tmut/Pois      0%         N/A       100%        6
 Invisibility             Hex            0%         N/A       100%        6
 Iron Shot                Conj/Erth      0%         9d1       100%        6
 Simulacrum               Ice/Necr       0%         N/A       100%        6
 Starburst                Conj/Fire      0%         6d3       100%        6
 Statue Form              Tmut/Erth      0%         N/A       100%        6
 Summon Cactus Giant      Summ           0%         N/A       100%        6
 Dragon Form              Tmut           0%         N/A       100%        7
 Haunt                    Necr/Summ      0%         N/A       100%        7
 Malign Gateway           Summ/Tloc      0%         N/A       100%        7
 Monstrous Menagerie      Summ           0%         N/A       100%        7
 Borgnjor's Revivificati  Necr           0%         N/A       100%        8
 Discord                  Hex            0%         N/A       100%        8
 Disjunction              Tloc           0%         N/A       100%        8
 Infestation              Necr           0%         N/A       100%        8
 Lehudib's Crystal Spear  Conj/Erth      0%         10d2      100%        8
 Necromutation            Tmut/Necr      0%         N/A       100%        8
 Chain Lightning          Conj/Air       0%         N/A       100%        9
 Death's Door             Necr           0%         N/A       100%        9
 Dragon's Call            Summ           0%         N/A       100%        9
 Fire Storm               Conj/Fire      0%         5d1       100%        9
 Shatter                  Erth           0%         3d5*      100%        9


Dungeon Overview and Level Annotations

Branches:
Dungeon (15/15)            Temple (1/1) D:5            Lair (6/6) D:9
 Shoals (4/4) Lair:3        Snake (4/4) Lair:2        Slime (5/5) Lair:5
    Orc (2/2) D:9             Elf (3/3) Orc:2        Vaults (5/5) D:13
  Crypt (3/3) Vaults:2       Tomb (0/3) Crypt:3      Depths (5/5) D:15
    Zot (5/5) Depths:5     Bailey (visited)         Volcano (visited)

Altars:
Ashenzari
Cheibriados
Dithmenos
Elyvilon
Fedhas
Gozag
Hepliaklqana
Kikubaaqudgha
Makhleb
Nemelex Xobeh
Okawaru
Qazlal
Ru
Sif Muna
Trog
Uskayaw
Vehumet
Wu Jian
Xom
Yredelemnul
Zin
The Shining One
Jiyva
Lugonu

Shops:
D:6 =   D:7 ***   D:13 ==[(   Orc:2 :(*[   Elf:1 (   Elf:3 !   Snake:2 :
Vaults:1 :   Vaults:2 ?   Vaults:3 ![[:(   Depths:5 ?

Portals:
Hell: Depths:1 Depths:2 Depths:3 Depths:4 Depths:5
Abyss: D:15 Lair:6 Depths:4
Pandemonium: Depths:3
Ziggurat: Depths:4
Trove: D:15 (give +2 shadow dragon scales)


Innate Abilities, Weirdness & Mutations

You have a pair of horns on your head.
You reflexively headbutt those who attack you in melee.
You have sharp toenails.
You have supernaturally acute eyesight. (SInv)
Your mind is very acute. (Int +4)
Armour fits poorly on your strangely shaped body.
You are frail. (-10% HP)
You occasionally shout uncontrollably at your foes.
You have hidden genetic potential.
Potions are less effective at restoring your health.


Message History

* * * LOW HITPOINT WARNING * * *
The bolt of fire hits the orb of fire.
The orb of fire completely resists.
The orb of fire emits a lurid red light.
The bolt of fire misses you.
The bolt of fire hits the orb of fire.
The orb of fire completely resists.
The bolt of fire hits the ancient lich!!
The ancient lich resists.
The orb of fire glows yellow.
The bolt of fire hits the orb of fire.
The orb of fire completely resists.
The bolt of fire hits you but does no damage.
The bolt of fire hits the orb of fire.
The orb of fire completely resists.
You hear a roar!
You hear a shout!
Unknown command.
Unknown command.
Unknown command.
Do you want to bribe the denizens of the Realm of Zot?
Okay, then.
Unknown command.
Unknown command.
Unknown command.
Unknown command.
Unknown command.
Do you want to bribe the denizens of the Realm of Zot?
Gozag spreads your bribe to the Realm of Zot!
The orb of fire is distracted by your dazzling golden aura.
The orb of fire glows yellow.
The fireball explodes!
The fireball engulfs you! You resist.
* * * LOW HITPOINT WARNING * * *
The fireball engulfs the orb of fire.
The orb of fire completely resists.
The fireball engulfs the orb of fire.
The orb of fire completely resists.
The fireball engulfs the orb of fire.
The orb of fire completely resists.
The orb of fire is no longer distracted by gold.
The fireball engulfs the orb of fire.
The orb of fire completely resists.
The fireball engulfs the orb of fire.
The orb of fire completely resists.
The white draconian monk rages.
The orb of fire glows yellow.
The bolt of fire hits the orb of fire.
The orb of fire completely resists.
The bolt of fire hits you! You resist.
You die...
Your body crumbles into a pile of gold.

...............#
#.............## #.^........^..#
##...........## ...........#
#..L....^...# ...........#
##.§§........## .....^.(...#
#§*LX.........# ....^......#
##***§.........##
...........###*@*LLX.........##
......Ldyy###*q*###########...##
....9.d.$##.*..## ##....
..qddqd.dqL..### ###..
##▓▓▓▓▓▓▓▓▓▓▓# #▓▓


You could see 9 orbs of fire, a white draconian monk (berserk), 2 ancient
liches, 2 dread liches, a black draconian (berserk) and a purple draconian
stormcaller.

Vanquished Creatures
  the Royal Jelly (Slime:5)
  Dissolution (Slime:4)
  3 dread liches
  An orb of fire (Zot:5)
  3 ancient liches
  A juggernaut (Depths:4)
  Sojobo (Vaults:4)
  The ghost of Onnun the Warrior, a veteran GrFi of the Shining One (Crypt:1)
  The ghost of Cips the Warrior, a veteran GrFi of the Shining One (Crypt:1)
  Frederick (Depths:4)
  A Killer Klown (Zot:4)
  Saint Roka (Orc:1)
  Vashnia (Snake:4)
  6 caustic shrikes
  Jory (Depths:2)
  9 golden dragons
  A profane servitor (D:15)
  Nikola (Shoals:2)
  2 bone dragons (Abyss:1)
  A hellephant (Abyss:3)
  2 Hell Sentinels
  13 tentacled monstrosities
  10 Orb Guardians (Zot:5)
  Asterion (Snake:1)
  7 titans
  2 deep elf blademasters (Elf:3)
  8 liches
  6 quicksilver dragons
  2 deep elf master archers (Elf:3)
  An Executioner (Abyss:2)
  6 ancient champions
  30 acid blobs
  7 death cobs
  A kraken (Shoals:1)
  Kirke (D:13)
  20 tentacled starspawn
  5 shadow dragons
  Agnes (Elf:2)
  2 sphinxes
  9 storm dragons
  4 tengu reavers
  Donald (Vaults:1)
  2 revenants
  12 rockslimes
  10 fire giants
  8 azure jellies
  7 nagarajas
  5 draconian knights
  9 deep elf sorcerers
  5 draconian monks
  8 draconian shifters
  2 iron dragons
  8 vault wardens
  7 frost giants
  7 ghouls
  2 orc warlords
  6 draconian scorchers
  2 curse skulls
  A ghost moth (Zot:2)
  2 balrugs
  3 deep elf elementalists
  3 draconian annihilators
  A cacodemon (D:15)
  6 draconian stormcallers
  A reaper (Depths:4)
  The ghost of Ytiohuf the Earth Mage, a journeyman GrEE of Vehumet (D:15)
  4 quicksilver oozes
  9 vampire knights
  3 war gargoyles (Crypt:3)
  14 ironbound preservers
  A juggernaut skeleton (Abyss:2)
  4 spriggan defenders
  30 very ugly things
  22 stone giants
  9 deep elf demonologists
  11 red draconians
  Nessos (D:14)
  5 lorocyprocas
  5 green draconians
  9 deep elf annihilators
  10 purple draconians
  A bunyip (shapeshifter) (Vaults:5)
  7 black draconians
  8 dire elephants
  11 spark wasps
  9 white draconians
  24 yellow draconians
  A spark wasp (shapeshifter) (Vaults:2)
  Azrael (D:12)
  4 eidola
  2 blizzard demons
  4 green deaths
  8 jiangshi
  7 merfolk javelineers
  11 ettins
  10 deep elf death magi
  A crystal guardian (Vaults:1)
  10 fire dragons
  4 deep elf high priests
  14 merfolk impalers
  19 yaktaur captains
  Josephine (D:13)
  A great orb of eyes (shapeshifter) (Depths:1)
  8 ice dragons
  17 great orbs of eyes
  35 vault guards
  6 ironbound thunderhulks
  19 naga warriors
  A hell beast (Depths:3)
  10 rakshasas
  Erolcha (Orc:2)
  7 boulder beetles
  A salamander tyrant (Snake:3)
  4 hydras
  6 spriggan air magi
  5 ironbound frosthearts
  A peacekeeper (Vaults:1)
  A death knight (Crypt:1)
  4 catoblepae
  8 ogre magi
  4 merfolk avatars (Shoals:4)
  9 anacondas
  An alligator snapping turtle (Shoals:4)
  8 deep troll shamans
  2 satyrs
  19 centaur warriors
  12 two-headed ogres
  4 death yaks
  Erica (D:10)
  6 vampire magi
  10 deep troll earth magi
  3 merfolk aquamancers
  20 thrashing horrors
  4 tengu warriors
  6 orc high priests
  5 hell hogs
  12 naga sharpshooters
  6 ironbound beastmasters
  5 spriggan berserkers
  5 shock serpents
  8 sun demons
  14 deep elf knights
  Sonja (Orc:1)
  19 wretched stars
  4 soul eaters
  38 hell knights
  4 sixfirhies
  5 shadow wraiths
  7 skeletal warriors
  20 sea snakes
  A goliath frog (Depths:4)
  9 iron trolls
  A bunyip zombie (Crypt:3)
  2 shadow demons
  54 deep trolls
  A spatial maelstrom (Abyss:2)
  5 salamander mystics
  A deep troll (shapeshifter) (Abyss:1)
  10 flayed ghosts
  A sea snake (shapeshifter) (D:13)
  A shadow dragon zombie (Vaults:5)
  11 orc knights
  5 naga ritualists
  8 glowing orange brains
  6 lindwurms
  A bunyip skeleton (Crypt:3)
  16 deep elf zephyrmancers
  9 wizards
  21 phantasmal warriors
  11 harpies
  8 deep elf archers
  A mana viper (shapeshifter) (Vaults:5)
  A wolf spider (Depths:4)
  22 deep elf pyromancers
  8 necromancers
  An orb spider (shapeshifter) (D:15)
  A lindwurm (shapeshifter) (Vaults:5)
  12 ironbound convokers
  A tengu zombie (Vaults:3)
  10 mana vipers
  48 ugly things
  5 orc sorcerers
  2 tengu skeletons
  An iron dragon zombie (Abyss:3)
  6 shining eyes
  8 worldbinders
  A shadow dragon skeleton (Abyss:1)
  An oklob plant (Zot:3)
  18 salamanders
  A manticore (shapeshifter) (Depths:4)
  10 fauns
  A cyclops (shapeshifter) (Abyss:3)
  A stone giant zombie (Vaults:5)
  Joseph (D:10)
  12 manticores
  9 cyclopes
  A moth of wrath (shapeshifter) (Depths:4)
  3 apocalypse crabs
  3 human skeletons (Vaults:3)
  17 moths of wrath
  38 black mambas
  A spriggan zombie (Crypt:3)
  10 guardian serpents
  Maurice (Orc:1)
  26 elephants
  10 fire giant skeletons (Crypt:3)
  A rust devil (Abyss:2)
  23 vault sentinels
  8 water nymphs
  9 merfolk sirens
  2 orange demons
  21 naga magi
  A toenail golem (Volcano)
  A guardian serpent (shapeshifter) (Abyss:2)
  10 cane toads
  A titan simulacrum (Vaults:3)
  5 gargoyles
  2 hellions (Depths:2)
  3 molten gargoyles (Volcano)
  19 smoke demons
  2 torpor snails
  12 komodo dragons
  Psyche (D:8)
  A rime drake (Lair:1)
  A black draconian zombie (Crypt:2)
  8 efreet
  3 unseen horrors
  A demonic crawler (Depths:4)
  A komodo dragon (shapeshifter) (D:11)
  An alligator snapping turtle skeleton (Crypt:3)
  5 tengu conjurers
  A tormentor (Abyss:3)
  A yellow draconian skeleton (Crypt:1)
  31 yaktaurs
  4 freezing wraiths
  2 kobold demonologists (D:9)
  An ice devil (Depths:3)
  2 sea snake skeletons
  14 ancient zymes
  An elf skeleton (Vaults:3)
  4 hellwings
  32 merfolk
  A harpy zombie (Crypt:2)
  A merfolk (shapeshifter) (Vaults:5)
  2 polar bears
  5 wind drakes
  4 meliai (D:13)
  7 hornets
  A queen bee (D:13)
  8 trolls
  A raiju (shapeshifter) (Lair:6)
  103 slime creatures
  8 snapping turtles
  4 dream sheep (Lair:5)
  A frost giant simulacrum (Vaults:3)
  18 raiju
  2 harpy skeletons
  A snapping turtle (shapeshifter) (Vaults:5)
  17 blink frogs
  A human simulacrum (Vaults:3)
  6 fire dragon skeletons (Crypt:3)
  A meliai zombie (Crypt:1)
  A spriggan (shapeshifter) (Elf:3)
  7 air elementals
  4 flying skulls (Abyss:2)
  10 shadows
  68 starcursed masses
  A centaur simulacrum (D:14)
  13 vampires
  10 ynoxinuls
  6 spriggans
  A tarantella (shapeshifter) (D:14)
  14 wraiths
  4 wyverns
  3 hogs (D:13)
  9 humans (D:13)
  9 fire elementals
  A redback (shapeshifter) (Vaults:4)
  11 water elementals
  A yak (shapeshifter) (Abyss:2)
  35 yaks
  13 golden eyes
  14 chaos spawn
  3 vampire mosquitoes (Depths:4)
  5 basilisks
  5 neqoxecs
  A steam dragon (D:7)
  Grum (D:10)
  Menkaure (D:7)
  3 spatial vortices (Abyss:2)
  30 large abominations
  Edmund (D:4)
  A hydra simulacrum (Abyss:2)
  2 acid dragons
  2 wargs (Orc:2)
  19 water moccasins
  54 nagas
  Duvessa (D:4)
  4 hell hounds
  A floating eye (Depths:4)
  5 black bears
  44 orc warriors
  Purgy (D:4)
  8 ogres
  2 ice beasts
  3 necrophages
  31 wolves
  A water nymph skeleton (Crypt:2)
  13 centaurs
  2 swamp dragon skeletons (Crypt:2)
  3 phantoms
  21 bullfrogs
  A palentonga zombie (Crypt:1)
  3 kobold brigands
  A human zombie (Vaults:3)
  A wyvern zombie (D:8)
  5 earth elementals
  A gnoll sergeant (D:9)
  Dowan (D:4)
  4 scorpions
  A wyvern skeleton (Crypt:1)
  2 water moccasin skeletons (D:5)
  55 small abominations
  24 killer bees
  19 wights
  A polar bear skeleton (Crypt:1)
  An electric eel (Vaults:3)
  2 howler monkeys
  9 quasits
  2 bullfrog zombies
  7 centaur zombies
  A bullfrog skeleton (D:5)
  24 jellies
  9 orc priests
  2 hounds
  An iron imp (Abyss:3)
  Terence (D:2)
  Natasha (thrice) (D:3)
  3 iguanas
  23 orc wizards
  5 hell rats
  A killer bee zombie (D:8)
  An ogre skeleton (Crypt:1)
  A hound skeleton (D:4)
  A hound zombie (Crypt:2)
  A howler monkey zombie (D:6)
  An adder (D:4)
  5 gnolls (D:9)
  A swamp drake zombie (Crypt:2)
  2 shadow imps
  11 white imps
  8 ufetubi
  2 worms
  3 dart slugs
  56 orcs
  9 ball pythons
  A bat zombie (Crypt:1)
  10 endoplasms
  A giant cockroach (Depths:4)
  5 goblins
  4 hobgoblins
  13 jackals
  2 quokkas (D:3)
  5 bats
  2 frilled lizards
  13 kobolds
  4 rats
  A rat skeleton (Crypt:1)
  A butterfly (Lair:6)
  A fire vortex (Volcano)
  4 lurking horrors
  A plant (Zot:4)
  23 starspawn tentacles
  A tentacle (Shoals:1)
2797 creatures vanquished.

Vanquished Creatures (collateral kills)
  An acid blob (Slime:5)
  A death cob (Zot:5)
  An azure jelly (Slime:5)
  A quicksilver ooze (Slime:5)
  A black draconian (Zot:5)
5 creatures vanquished.

Vanquished Creatures (others)
  A shadow dragon (Depths:4)
  A vault guard (D:13)
  An ice dragon (Depths:2)
  20 dancing weapons
  2 deep elf knights
  2 deep elf zephyrmancers
  A manticore (D:13)
  A moth of wrath (Zot:2)
  2 large abominations
  An air elemental (Elf:1)
  A human (D:13)
  2 orcs (D:7)
  A fire vortex (Volcano)
  48 fungi
  4 lurking horrors
  101 plants
  23 starspawn tentacles
  3 tentacles (Shoals:1)
  18 withered plants (Crypt:3)
233 creatures vanquished.

Grand Total: 3035 creatures vanquished

Notes
Turn   | Place    | Note
-------+----------+-------------------------------------------
     0 | D:1      | McIrco the Minotaur Fighter began the quest for the Orb.
     0 | D:1      | Reached XP level 1. HP: 19/19 MP: 0/0
   170 | D:1      | Reached XP level 2. HP: 23/27 MP: 1/1
  1072 | D:2      | Reached XP level 3. HP: 33/33 MP: 2/2
  1077 | D:2      | Noticed Terence
  1082 | D:2      | Killed Terence
  1289 | D:2      | Found a faded altar of an unknown god.
  1289 | D:2      | You fall into a shaft and drop 2 floors!
  1294 | D:3      | Noticed Natasha
  1300 | D:3      | Killed Natasha
  1301 | D:3      | Reached XP level 4. HP: 24/41 MP: 3/3
  1523 | D:2      | You fall into a shaft and drop 2 floors!
  1754 | D:4      | Noticed Edmund
  1755 | D:4      | Noticed a scorpion
  1774 | D:4      | Killed Edmund
  1775 | D:4      | Reached skill level 5 in Fighting
  1775 | D:4      | Reached skill level 5 in Armour
  1775 | D:4      | Reached skill level 5 in Shields
  1775 | D:4      | Reached XP level 5. HP: 29/48 MP: 4/4
  1780 | D:4      | Reached XP level 6. HP: 18/57 MP: 5/5
  2678 | D:2      | Got Plato's Grimoire of Heat
  3250 | D:3      | Noticed Natasha
  3259 | D:3      | Killed Natasha
  3260 | D:3      | Reached skill level 1 in Dodging
  3378 | D:3      | Noticed Natasha
  3383 | D:3      | Killed Natasha
  3818 | D:4      | Noticed Purgy
  3818 | D:4      | Noticed Dowan
  3820 | D:4      | Noticed Duvessa
  3827 | D:4      | Killed Purgy
  3828 | D:4      | Reached XP level 7. HP: 57/64 MP: 6/6
  3900 | D:4      | Killed Duvessa
  3910 | D:4      | Killed Dowan
  4373 | D:4      | Identified the +0 pair of boots of the Cuttlefish {rC+}
  4413 | D:5      | Entered Level 5 of the Dungeon
  4830 | D:5      | Reached XP level 8. HP: 69/73 MP: 7/7
  5202 | D:5      | Found a staircase to the Ecumenical Temple.
  6159 | D:6      | Reached skill level 10 in Armour
  6203 | D:6      | Found a hazy altar of Hepliaklqana.
  6325 | D:6      | Found Xoasil's Jewellery Shop.
  6431 | D:6      | Reached XP level 9. HP: 82/82 MP: 8/8
  6795 | D:7      | Found Neem's General Store.
  6823 | D:7      | Bought 2 potions of curing for 84 gold pieces
  6823 | D:7      | Bought a scroll of enchant armour for 105 gold pieces
  6985 | D:7      | Noticed Menkaure
  6998 | D:7      | Killed Menkaure
  7075 | D:7      | Found Ulips's Assorted Antiques.
  7296 | D:7      | Found Leled's Assorted Antiques.
  7304 | D:7      | Bought a scroll labelled QETE LAGHUEMA for 27 gold pieces
  7470 | D:7      | Bought a lumpy emerald potion for 21 gold pieces
  7470 | D:7      | Bought a murky coppery potion for 21 gold pieces
  7504 | D:7      | HP: 1/85 [killer bee (7)]
  7691 | D:8      | Reached skill level 10 in Fighting
  7711 | D:8      | Reached XP level 10. HP: 93/93 MP: 9/9
  8087 | D:8      | Found a viscous altar of Jiyva.
  8149 | D:8      | Found a transporter.
  8149 | D:8      | Found a transporter.
  8322 | D:8      | Noticed Psyche
  8335 | D:8      | Killed Psyche
  8843 | D:9      | Acquired a manual of Axes
  8916 | D:9      | Reached skill level 5 in Axes
  9246 | D:9      | Found a flagged portal.
  9257 | Bailey   | Entered a bailey
  9325 | Bailey   | Noticed an orc knight
  9336 | Bailey   | Killed an orc knight
  9337 | Bailey   | Reached XP level 11. HP: 56/102 MP: 10/10
  9398 | Bailey   | Noticed an orc knight
  9413 | Bailey   | Killed an orc knight
  9414 | Bailey   | Reached skill level 10 in Axes
  9543 | Bailey   | Identified the +2 ring mail of the Bulwark {Rampage}
  9753 | D:9      | Found a staircase to the Orcish Mines.
  9798 | D:9      | Found a staircase to the Lair.
 10225 | D:10     | Entered Level 10 of the Dungeon
 10238 | D:10     | Noticed a two-headed ogre
 10246 | D:10     | Killed a two-headed ogre
 10277 | D:10     | Reached skill level 10 in Shields
 10654 | D:10     | Noticed Grum
 10668 | D:10     | Killed Grum
 10763 | D:10     | Noticed Erica
 10765 | D:10     | Noticed Joseph
 10780 | D:10     | Killed Erica
 10781 | D:10     | Reached skill level 15 in Axes
 10789 | D:10     | Killed Joseph
 10962 | Temple   | Entered the Ecumenical Temple
 11253 | Temple   | Became a worshipper of Gozag Ym Sagoz the Greedy
 11650 | D:11     | Reached XP level 12. HP: 92/112 MP: 11/11
 11652 | D:11     | Noticed a two-headed ogre
 11708 | D:11     | Killed a two-headed ogre
 11824 | D:11     | Noticed a boulder beetle
 11827 | D:11     | Noticed a tengu warrior
 11833 | D:11     | Noticed a boulder beetle
 11948 | D:11     | Killed a tengu warrior
 12001 | D:11     | Reached skill level 1 in Evocations
 12025 | D:11     | Killed a boulder beetle
 12133 | D:11     | Killed a boulder beetle
 12165 | D:11     | Identified the ring "Taisutzukh" {rPois rC+++ rCorr Str-3
                  | Slay+4}
 12613 | D:12     | Noticed a two-headed ogre
 12624 | D:12     | Killed a two-headed ogre
 13093 | D:12     | Found a shimmering altar of Xom.
 13129 | D:12     | Noticed Azrael
 13305 | D:12     | Killed Azrael
 13686 | D:13     | Found Vucah's Jewellery Boutique.
 13737 | D:13     | Noticed Josephine
 13748 | D:13     | Killed Josephine
 13757 | D:13     | Reached XP level 13. HP: 92/119 MP: 12/12
 14109 | D:13     | Found a gate to the Vaults.
 14158 | D:13     | Noticed Kirke
 14177 | D:13     | Killed Kirke
 14433 | D:13     | Found Giet's Armour Boutique.
 14438 | D:13     | Found Ytuhabry's Antique Weapon Shoppe.
 14998 | D:13     | Found Xilluyquz's Jewellery Boutique.
 15210 | D:13     | Reached skill level 15 in Armour
 15543 | D:14     | Paralysed by a great orb of eyes for 3 turns
 15784 | D:14     | Noticed Nessos
 15802 | D:14     | Killed Nessos
 16018 | D:14     | Reached XP level 14. HP: 92/132 MP: 13/13
 16405 | D:15     | Entered Level 15 of the Dungeon
 16462 | D:15     | Found a portal to a secret trove of treasure.
 16767 | D:15     | Found a staircase to the Depths.
 16767 | D:15     | Noticed a white very ugly thing
 16789 | D:15     | HP: 6/132 [yaktaur/bolt (7)]
 16950 | D:15     | Killed a purple very ugly thing
 17006 | D:15     | Found a transporter.
 17030 | D:15     | Noticed a profane servitor
 17031 | D:15     | Found a one-way gate to the infinite horrors of the Abyss.
 17031 | D:15     | Noticed Ytiohuf's ghost (journeyman GrEE)
 17200 | D:15     | Noticed a fenstrider witch
 17200 | D:15     | an alligator snapping turtle changed into a fenstrider
                  | witch
 17206 | D:15     | a fenstrider witch changed into an alligator snapping
                  | turtle
 17527 | Orc:1    | Entered Level 1 of the Orcish Mines
 17596 | Orc:1    | Noticed Sonja
 17608 | Orc:1    | Killed Sonja
 17677 | Orc:1    | Found a dark tunnel.
 17686 | Volcano  | Entered a volcano
 19004 | Orc:1    | Noticed Maurice
 19015 | Orc:1    | Killed Maurice
 19279 | Orc:2    | Entered Level 2 of the Orcish Mines
 19279 | Orc:2    | Noticed Erolcha
 19286 | Orc:2    | Killed Erolcha
 19330 | Orc:2    | Found Kidumana's Antique Weapon Shop.
 19385 | Orc:2    | Found a staircase to the Elven Halls.
 19411 | Orc:2    | Noticed an orc warlord
 19412 | Orc:2    | Found Miekhu's General Store.
 19424 | Orc:2    | Killed an orc warlord
 19533 | Orc:2    | Bought a scroll of magic mapping for 56 gold pieces
 19533 | Orc:2    | Bought a scroll of identify for 32 gold pieces
 19599 | Orc:2    | Noticed Saint Roka
 19855 | Orc:1    | Killed Saint Roka
 19856 | Orc:1    | Reached skill level 15 in Fighting
 20010 | Orc:2    | Found Qiwupusogo's Book Emporium.
 20324 | Orc:2    | Found Duush's Antique Armour Emporium.
 20663 | Lair:1   | Entered Level 1 of the Lair of Beasts
 21072 | Lair:1   | Reached XP level 15. HP: 141/141 MP: 14/14
 21823 | Lair:2   | Found a staircase to the Snake Pit.
 22376 | Lair:2   | Found the +7 mace of Variability {chain chaos}
 22525 | Lair:2   | Found a shimmering blue altar of Sif Muna.
 22917 | Lair:3   | Found a staircase to the Shoals.
 23361 | Lair:3   | You fall into a shaft and drop 3 floors!
 23361 | Lair:6   | Entered Level 6 of the Lair of Beasts
 23385 | Lair:6   | Identified the ring "Voqiomad" {Fly MP+9}
 23793 | Lair:5   | Found a staircase to the Slime Pits.
 23809 | Lair:5   | Identified the +0 pair of gloves of a wizard's laboratory
                  | {Contam Regen+ Str+7 Dex+4}
 24779 | Lair:4   | You fall into a shaft and drop 1 floor!
 25843 | Lair:6   | Reached skill level 15 in Shields
 25919 | Lair:6   | Found a shimmering altar of Xom.
 26268 | Lair:6   | Reached XP level 16. HP: 87/152 MP: 15/15
 26378 | Lair:6   | Found a corrupted altar of Lugonu.
 27300 | Snake:1  | Entered Level 1 of the Snake Pit
 27765 | Snake:1  | Noticed Asterion
 27795 | Snake:1  | Killed Asterion
 28384 | Snake:2  | Found Effepap's Book Emporium.
 30036 | Snake:3  | Reached XP level 17. HP: 157/163 MP: 16/16
 31033 | Snake:4  | Entered Level 4 of the Snake Pit
 31417 | Snake:4  | Noticed Vashnia
 31455 | Snake:4  | Killed Vashnia
 32342 | Shoals:1 | Entered Level 1 of the Shoals
 32417 | Shoals:1 | Identified the ring "Jox Laus" {rElec rPois rF+ MP+9 Str-4}
 33182 | Shoals:1 | Noticed a kraken
 33190 | Shoals:1 | Killed a kraken
 33490 | Shoals:2 | Noticed Nikola
 33507 | Shoals:2 | Killed Nikola
 33508 | Shoals:2 | Reached XP level 18. HP: 67/176 MP: 17/17
 34640 | Shoals:3 | Reached skill level 5 in Evocations
 34640 | Shoals:3 | Reached XP level 19. HP: 183/183 MP: 18/18
 36263 | Snake:4  | Got a serpentine rune of Zot
 36477 | Shoals:4 | Entered Level 4 of the Shoals
 37428 | Shoals:4 | Got a barnacled rune of Zot
 37971 | Elf:1    | Entered Level 1 of the Elven Halls
 37974 | Elf:1    | Paralysed by an air elemental for 1 turns
 37976 | Elf:1    | Paralysed by an air elemental for 1 turns
 37983 | Elf:1    | Paralysed by an air elemental for 1 turns
 38032 | Elf:1    | Paralysed by an air elemental for 1 turns
 38036 | Elf:1    | Paralysed by an air elemental for 1 turns
 38160 | Elf:1    | Found Melyh's Antique Weapon Emporium.
 38385 | Elf:1    | Reached XP level 20. HP: 193/193 MP: 19/19
 38509 | Elf:1    | Got the Guide on Summoning
 38589 | Elf:1    | Paralysed by an air elemental for 1 turns
 38855 | Elf:1    | Reached skill level 5 in Dodging
 38932 | Elf:2    | Noticed Agnes
 38945 | Elf:2    | Killed Agnes
 38946 | Elf:2    | Identified the +8 rapier "Zicrol" {freeze, Dex+3}
 39019 | Elf:2    | Paralysed by an air elemental for 1 turns
 39210 | Elf:2    | Gained mutation: You occasionally shout uncontrollably at
                  | your foes. [a neqoxec]
 39441 | Elf:2    | Found a runed translucent gate.
 39441 | Elf:2    | Found a runed translucent gate.
 39442 | Elf:2    | Found a runed translucent gate.
 40310 | Elf:3    | Entered Level 3 of the Elven Halls
 40311 | Elf:3    | Identified the +6 flail "Ijoj Pou" {vorpal, Int+2}
 40416 | Elf:3    | Found Otoh's Distillery.
 40423 | Elf:3    | Bought a potion of heal wounds for 85 gold pieces
 40423 | Elf:3    | Bought a potion of heal wounds for 85 gold pieces
 40423 | Elf:3    | Bought a potion of curing for 51 gold pieces
 40423 | Elf:3    | Bought a potion of curing for 51 gold pieces
 40423 | Elf:3    | Bought a potion of curing for 51 gold pieces
 40423 | Elf:3    | Bought a potion of might for 68 gold pieces
 40898 | Elf:3    | Identified the ring "Puompos" {rElec rCorr AC+4 Dex+7
                  | Slay-5}
 41051 | Elf:3    | Identified the +1 plate armour of Inviolability {rElec
                  | Int+2}
 41051 | Elf:3    | Identified the ring of Paddoer {Str+6 Int+4 Dex+2}
 41054 | Elf:3    | Gained mutation: You passively dampen the noise of your
                  | surroundings. [a neqoxec]
 41203 | Elf:3    | Got the Collected Works on Transmutation and Translocation
 41215 | Elf:3    | Found the amulet of the Four Winds {rN+ Will+++ Clar}
 41240 | Elf:3    | Identified the +4 glaive "Izuliph" {drain, MP+9 SInv}
 41271 | Elf:3    | Identified the +0 plate armour "Irgheclar" {rF+ rC+}
 41307 | Elf:3    | Identified the +10 longbow of Iconoclasm {venom, Dex+3}
 41365 | Elf:3    | Found an ancient bone altar of Kikubaaqudgha.
 41489 | Elf:3    | Paralysed by an air elemental for 1 turns
 41672 | Elf:3    | Identified the +8 long sword of Qazlal's Hatred {flame, rC+
                  | Str+5 Dex-4}
 41998 | Vaults:1 | Entered Level 1 of the Vaults
 42015 | Vaults:1 | Found Beolinum's Book Emporium.
 42224 | Vaults:1 | Noticed Donald
 42234 | Vaults:1 | Killed Donald
 42335 | Vaults:1 | Reached XP level 21. HP: 203/204 MP: 20/20
 43042 | Vaults:2 | Found the amulet of the Air {Inacc Air Fly rElec RMsl}
 44365 | Vaults:2 | Found Dona's Magic Scroll Shop.
 44379 | Vaults:2 | Bought a scroll of magic mapping for 66 gold pieces
 44379 | Vaults:2 | Bought a scroll of blinking for 142 gold pieces
 44379 | Vaults:2 | Bought a scroll of teleportation for 57 gold pieces
 44481 | Vaults:2 | Found a staircase to the Crypt.
 44547 | Vaults:3 | Found Masis's Armour Emporium.
 44659 | Vaults:3 | Found Mawumuf's Antique Armour Boutique.
 44667 | Vaults:3 | Bought a jet-encrusted plate armour for 1092 gold pieces
 44667 | Vaults:3 | Identified the +2 plate armour of Disappointment {rC++
                  | Dex+4} (You bought it in a shop on level 3 of the Vaults)
 44720 | Vaults:3 | Identified the +2 pair of gloves of Protective Custody {rC-
                  | Int+8}
 45031 | Vaults:3 | Found Sibbeagg's Antique Weapon Boutique.
 45040 | Vaults:3 | Found Jiadul's Book Shop.
 45042 | Vaults:3 | Identified the +10 chain mail of a volcano {Rampage *Slow
                  | Fly rElec}
 45179 | Vaults:3 | Bought a polished war axe for 272 gold pieces
 45179 | Vaults:3 | Identified the +7 war axe "Spiderbane" {venom, rPois} (You
                  | bought it in a shop on level 3 of the Vaults)
 45336 | Vaults:3 | Found Caymima's Distillery.
 45344 | Vaults:3 | Bought a potion of mutation for 104 gold pieces
 45344 | Vaults:3 | Bought a potion of curing for 39 gold pieces
 45344 | Vaults:3 | Bought 2 potions of curing for 78 gold pieces
 45344 | Vaults:3 | Bought a potion of curing for 39 gold pieces
 45344 | Vaults:3 | Bought a potion of mutation for 104 gold pieces
 45375 | Vaults:3 | Reached XP level 22. HP: 217/217 MP: 21/21
 45429 | Vaults:3 | Got the Handbook of Igneous Earth
 46858 | Vaults:4 | Noticed Sojobo
 46877 | Vaults:4 | Paralysed by an air elemental for 1 turns
 46882 | Vaults:4 | Paralysed by an air elemental for 1 turns
 46888 | Vaults:4 | Paralysed by an air elemental for 1 turns
 46889 | Vaults:4 | Killed Sojobo
 47730 | Vaults:5 | Entered Level 5 of the Vaults
 48094 | D:15     | Found a transporter.
 49236 | Depths:1 | Entered Level 1 of the Depths
 49252 | Depths:1 | Found a shadowy altar of Dithmenos.
 49566 | Depths:1 | Found a huge runed gate.
 49566 | Depths:1 | Found a huge runed gate.
 49566 | Depths:1 | Found a huge runed gate.
 49566 | Depths:1 | Found a huge runed gate.
 49566 | Depths:1 | Found a huge runed gate.
 49567 | Depths:1 | Found a huge runed gate.
 49568 | Depths:1 | Found a huge runed gate.
 49569 | Depths:1 | Found a huge runed gate.
 49570 | Depths:1 | Found a huge runed gate.
 49571 | Depths:1 | Found a huge runed gate.
 49572 | Depths:1 | Found a huge runed gate.
 49573 | Depths:1 | Found a huge runed gate.
 49574 | Depths:1 | Found a huge runed gate.
 49575 | Depths:1 | Found a huge runed gate.
 49588 | Depths:1 | Found a huge runed gate.
 49588 | Depths:1 | Found a huge runed gate.
 49588 | Depths:1 | Found a huge runed gate.
 49622 | Depths:1 | Found a gateway to Hell.
 50040 | Vaults:5 | Reached XP level 23. HP: 200/228 MP: 22/22
 50305 | Vaults:5 | Identified the +5 broad axe of Buh Gaoh {distort, rF+++
                  | rCorr MP+9 Str-4}
 50309 | Vaults:5 | Reached skill level 27 in Shields
 50369 | Vaults:5 | Noticed a dread lich
 50371 | Vaults:5 | Identified the +0 robe "Cogubb" {Dex+5}
 50379 | Vaults:5 | Killed a dread lich
 50908 | Vaults:5 | Got a silver rune of Zot
 50969 | Vaults:5 | Identified the +3 rapier of Wasuen {vorpal, +Rage rElec
                  | Will+ MP-9 Int+2}
 51258 | Vaults:5 | Found the ring of the Tortoise {AC+8}
 51260 | Vaults:5 | Identified the +9 whip of Urgency {drain, rF+ rC+}
 51517 | Vaults:5 | Got the Reference Book on Feathers and Poison
 51630 | Vaults:5 | Got the Papyrus of Transformation and the Rocks
 51928 | Vaults:5 | Noticed an ancient lich
 51947 | Vaults:5 | Killed an ancient lich
 52100 | Vaults:5 | Reached XP level 24. HP: 234/241 MP: 22/22
 52839 | Vaults:2 | Bought a scroll of brand weapon for 380 gold pieces
 53095 | Depths:1 | Found a huge runed gate.
 53095 | Depths:1 | Found a huge runed gate.
 53105 | Depths:1 | Found a huge runed gate.
 53105 | Depths:1 | Found a huge runed gate.
 53105 | Depths:1 | Found a huge runed gate.
 53105 | Depths:1 | Found a huge runed gate.
 53105 | Depths:1 | Found a huge runed gate.
 53105 | Depths:1 | Found a huge runed gate.
 53106 | Depths:1 | Found a huge runed gate.
 53127 | Depths:1 | Found a huge runed gate.
 53127 | Depths:1 | Found a huge runed gate.
 53127 | Depths:1 | Found a huge runed gate.
 53127 | Depths:1 | Found a huge runed gate.
 54563 | Depths:2 | Noticed Jory
 54616 | Depths:2 | Killed Jory
 55144 | Depths:2 | Got the Grimoire of Intoxication and Earth
 55286 | Depths:2 | Reached skill level 27 in Fighting
 56421 | Depths:3 | Found a one-way gate leading to the halls of Pandemonium.
 56703 | Depths:3 | Found an iron altar of Okawaru.
 57097 | Depths:4 | Found a gateway to a ziggurat.
 57130 | Depths:4 | Noticed Frederick
 57145 | Depths:4 | Killed Frederick
 57146 | Depths:4 | Reached XP level 25. HP: 205/257 MP: 22/22
 57280 | Depths:4 | Found a runed translucent gate.
 57280 | Depths:4 | Found a runed translucent gate.
 57280 | Depths:4 | Found a runed translucent gate.
 57303 | Depths:4 | Noticed a juggernaut
 57321 | Depths:4 | Killed a juggernaut
 57414 | Depths:4 | Paralysed by a floating eye for 2 turns
 57419 | Depths:4 | Paralysed by a floating eye for 2 turns
 57426 | Depths:4 | Paralysed by a floating eye for 3 turns
 58316 | Depths:5 | Entered Level 5 of the Depths
 58620 | Depths:5 | Found a gate to the Realm of Zot.
 58948 | Depths:5 | Reached skill level 10 in Evocations
 59110 | Depths:5 | Found Nalut's Magic Scroll Emporium.
 59117 | Depths:5 | Bought a scroll of teleportation for 72 gold pieces
 59117 | Depths:5 | Bought a scroll of teleportation for 72 gold pieces
 59117 | Depths:5 | Bought a scroll of teleportation for 72 gold pieces
 59209 | Depths:5 | Found a shimmering blue altar of Sif Muna.
 59310 | Depths:5 | Found a stormy altar of Qazlal.
 59592 | Zot:1    | Entered Level 1 of the Realm of Zot
 59852 | Zot:1    | Reached XP level 26. HP: 196/266 MP: 22/22
 60582 | Slime:1  | Entered Level 1 of the Pits of Slime
 60735 | Slime:1  | Gained mutation: You tend to lose your temper in combat. [a
                  | shining eye]
 60736 | Slime:1  | Gained mutation: You are weak. (Str -2) [a shining eye]
 61165 | Slime:2  | Reached skill level 27 in Armour
 61225 | Slime:2  | Gained mutation: Your magical capacity is low. (-10% MP) [a
                  | shining eye]
 61233 | Slime:2  | Lost mutation: Your magical capacity is low. (-10% MP)
                  | [potion of mutation]
 61233 | Slime:2  | Lost mutation: You passively dampen the noise of your
                  | surroundings. [potion of mutation]
 61233 | Slime:2  | Lost mutation: You are weak. (Str -2) [potion of mutation]
 61233 | Slime:2  | Lost mutation: You tend to lose your temper in combat.
                  | [potion of mutation]
 61233 | Slime:2  | Gained mutation: Your muscles are strong. (Str +2) [potion
                  | of mutation]
 61233 | Slime:2  | Gained mutation: You have supernaturally acute eyesight.
                  | (SInv) [potion of mutation]
 61233 | Slime:2  | Gained mutation: You have sharp toenails. [potion of
                  | mutation]
 62041 | Slime:3  | Gained mutation: You are clumsy. (Dex -2) [a shining eye]
 62052 | Slime:3  | Gained mutation: You sometimes lose the ability to read
                  | scrolls when taking damage. [a shining eye]
 62054 | Slime:3  | Gained mutation: You frequently scream uncontrollably at
                  | your foes. [a shining eye]
 62139 | Slime:3  | Gained mutation: You tend to lose your temper in combat. [a
                  | shining eye]
 62733 | Slime:4  | Noticed Dissolution
 62737 | Slime:4  | Gained mutation: Potions are less effective at restoring
                  | your health. [a shining eye]
 62747 | Slime:4  | Killed Dissolution
 63126 | Slime:5  | Entered Level 5 of the Pits of Slime
 63325 | Slime:5  | Noticed the Royal Jelly
 63334 | Slime:5  | Killed the Royal Jelly
 63568 | Slime:5  | Got Sif Muna's Guide on Damaging Stolen Souls
 63587 | Slime:5  | Identified the amulet of Odeytub {Faith rN+}
 63594 | Slime:5  | Got a slimy rune of Zot
 63610 | Slime:5  | Identified the +4 quarterstaff of Mutilation {drain, Str+3
                  | Dex+4}
 63644 | Slime:5  | Identified the ring "Ummygib" {rN+ Will++ rCorr}
 64102 | Slime:5  | Identified the +2 ice dragon scales "Sudigrya" {rF- rC++
                  | rN+ Str+2 Dex+4}
 64414 | D:15     | Lost mutation: Your muscles are strong. (Str +2) [potion of
                  | mutation]
 64414 | D:15     | Lost mutation: You sometimes lose the ability to read
                  | scrolls when taking damage. [potion of mutation]
 64414 | D:15     | Lost mutation: You tend to lose your temper in combat.
                  | [potion of mutation]
 64414 | D:15     | Lost mutation: You are clumsy. (Dex -2) [potion of
                  | mutation]
 64414 | D:15     | Gained mutation: Your flesh is heat resistant. (rF+)
                  | [potion of mutation]
 64415 | D:15     | Lost mutation: Your flesh is heat resistant. (rF+) [potion
                  | of mutation]
 64415 | D:15     | Lost mutation: You have sharp toenails. [potion of
                  | mutation]
 64415 | D:15     | Gained mutation: Your flesh is cold resistant. (rC+)
                  | [potion of mutation]
 64415 | D:15     | Gained mutation: You passively map a small area around you.
                  | [potion of mutation]
 64478 | D:15     | Killed Ytiohuf's ghost
 65264 | Depths:4 | Reached skill level 15 in Evocations
 65620 | Crypt:1  | Entered Level 1 of the Crypt
 65635 | Crypt:1  | Found a runed translucent gate.
 65635 | Crypt:1  | Found a runed translucent gate.
 65637 | Crypt:1  | Found a runed translucent gate.
 65639 | Crypt:1  | Found an ancient bone altar of Kikubaaqudgha.
 66471 | Crypt:1  | Noticed an ancient lich
 66471 | Crypt:1  | Noticed Cips's ghost (veteran GrFi)
 66472 | Crypt:1  | Noticed an ancient lich
 66472 | Crypt:1  | Noticed Onnun's ghost (veteran GrFi)
 66472 | Crypt:1  | Noticed a dread lich
 66669 | Crypt:1  | Killed Cips's ghost
 66697 | Crypt:1  | Killed an ancient lich
 66698 | Crypt:1  | Reached XP level 27. HP: 227/273 MP: 22/22
 66917 | Crypt:1  | Killed a dread lich
 66931 | Crypt:1  | Killed an ancient lich
 66962 | Crypt:1  | Identified the +2 pair of boots of the Robin {rElec rC-
                  | rN+++}
 67024 | Crypt:1  | Killed Onnun's ghost
 67033 | Crypt:1  | Identified the ring "Wadiweff" {*Slow rF+ rC+ EV+4 Int+10}
 67870 | Crypt:3  | Entered Level 3 of the Crypt
 68247 | Crypt:3  | Got the Papyrus of Changing and the Voyage
 68647 | Crypt:3  | Found an ancient bone altar of Kikubaaqudgha.
 68702 | Crypt:3  | Noticed a dread lich
 68716 | Crypt:3  | Killed a dread lich
 69079 | Crypt:3  | Found a staircase to the Tomb.
 69080 | Crypt:3  | Found the +7 great mace "Undeadhunter" {disrupt, rN+}
 69877 | D:15     | Voluntarily entered the Abyss.
 70355 | D:15     | Escaped the Abyss
 70366 | D:15     | Voluntarily entered the Abyss.
 71198 | Abyss:2  | Found a hazy altar of Hepliaklqana.
 71249 | Abyss:2  | Lost intelligence.
 71298 | Abyss:2  | Gained mutation: You are frail. (-10% HP) [a neqoxec]
 71302 | Abyss:2  | Gained mutation: You are very frail. (-20% HP) [a neqoxec]
 71763 | D:15     | Escaped the Abyss
 71949 | D:15     | Lost mutation: Your flesh is cold resistant. (rC+) [potion
                  | of mutation]
 71949 | D:15     | Lost mutation: You are very frail. (-20% HP) [potion of
                  | mutation]
 71949 | D:15     | Gained mutation: Your spells are a little harder to cast,
                  | but a little more powerful. [potion of mutation]
 71949 | D:15     | Lost mutation: You are frail. (-10% HP) [potion of
                  | mutation]
 71951 | D:15     | Voluntarily entered the Abyss.
 72151 | D:15     | Escaped the Abyss
 72156 | D:15     | Voluntarily entered the Abyss.
 72663 | Abyss:2  | Paralysed by accursed screaming for 1 turns
 73625 | Abyss:3  | Reached skill level 27 in Axes
 73792 | Abyss:3  | Gained mutation: You sometimes lose the ability to read
                  | scrolls when taking damage. [a neqoxec]
 73794 | Abyss:3  | Gained mutation: Your body sometimes deteriorates upon
                  | taking damage. [a neqoxec]
 73867 | D:15     | Escaped the Abyss
 74070 | D:15     | Voluntarily entered the Abyss.
 74218 | D:15     | Escaped the Abyss
 74219 | D:15     | Lost mutation: You passively map a small area around you.
                  | [potion of mutation]
 74219 | D:15     | Lost mutation: Your body sometimes deteriorates upon taking
                  | damage. [potion of mutation]
 74219 | D:15     | Gained mutation: Your body sometimes deteriorates upon
                  | taking damage. [potion of mutation]
 74219 | D:15     | Gained mutation: You have hidden genetic potential. [potion
                  | of mutation]
 74220 | D:15     | Lost mutation: You sometimes lose the ability to read
                  | scrolls when taking damage. [potion of mutation]
 74220 | D:15     | Lost mutation: Your body sometimes deteriorates upon taking
                  | damage. [potion of mutation]
 74220 | D:15     | Gained mutation: Your mind is acute. (Int +2) [potion of
                  | mutation]
 74220 | D:15     | Lost mutation: You frequently scream uncontrollably at your
                  | foes. [potion of mutation]
 74220 | D:15     | Gained mutation: You have sharp toenails. [potion of
                  | mutation]
 74220 | D:15     | Gained mutation: You are robust. (+10% HP) [potion of
                  | mutation]
 75738 | Zot:2    | Reached skill level 10 in Dodging
 77971 | Zot:3    | Identified the +9 plate armour "Kooss" {rC- rN++ MP+9
                  | Stlth+}
 78320 | Zot:4    | Gained mutation: Your mind is very acute. (Int +4) [hidden
                  | potential]
 78896 | Zot:5    | Entered Level 5 of the Realm of Zot
 79106 | Zot:5    | Identified the +4 scale mail of Noughts and Crosses {Int+2
                  | Dex+3}
 79462 | Zot:5    | Noticed a dread lich
 79467 | Zot:5    | Noticed an orb of fire
 79471 | Zot:5    | Noticed an orb of fire
 79473 | Zot:5    | Noticed an orb of fire
 79476 | Zot:5    | Noticed an orb of fire
 79480 | Zot:5    | Lost mutation: You are robust. (+10% HP) [an orb of fire]
 79484 | Zot:5    | Killed an orb of fire
 79485 | Zot:5    | Gained mutation: Armour fits poorly on your strangely
                  | shaped body. [an orb of fire]
 79488 | Zot:5    | Noticed a dread lich
 79495 | Zot:5    | Noticed an orb of fire
 79497 | Zot:5    | Noticed an orb of fire
 79498 | Zot:5    | Noticed an ancient lich
 79498 | Zot:5    | Noticed an orb of fire
 79498 | Zot:5    | Noticed an orb of fire
 79498 | Zot:5    | Noticed an orb of fire
 79498 | Zot:5    | Noticed an ancient lich
 79499 | Zot:5    | Noticed an orb of fire
 79500 | Zot:5    | Gained mutation: You are frail. (-10% HP) [an orb of fire]
 79503 | Zot:5    | Lost mutation: Your spells are a little harder to cast, but
                  | a little more powerful. [an orb of fire]
 79505 | Zot:5    | HP: 8/245 [orb of fire/fireball (12)]
 79505 | Zot:5    | Killed from afar by an orb of fire

Illustrated notes

Levels and vault maps discovered:
D:1:      wander_arrival_chamber, layout_basic, minmay_bisected
D:2:      layout_basic, serial_bayou, serial_bayou_lagoon_a,
          serial_bayou_pond_a, serial_bayou_ford_a, serial_bayou_pond_e,
          serial_bayou_shore_a, serial_bayou_pond_d,
          shapermc_ecumenical_altar_rom_forum, kennysheep_nub,
          kennysheep_doodads, chequers_serial_rivers_marsh, uniq_terence
D:3:      layout_rooms, uniq_natasha
D:4:      layout_basic, minmay_quadrilaterals, uniq_purgy, uniq_edmund,
          uniq_duvessa
D:5:      layout_basic, minmay_temple_entry_drinking_statues
D:6:      layout_loops_cross, worldfamousw_hep_ancestral_shrine, serial_shops,
          nicolae_inconvenience_store
D:7:      layout_basic, serial_shops, nicolae_stop_n_shop_2,
          nicolae_shop_behind_doors, nicolae_stop_n_shop_1, uniq_menkaure
D:8:      gammafunk_jiyva_shrine, layout_loops_corners, uniq_psyche
D:9:      layout_grid_maze, grunt_lair_entry_orc_guard_hut, orc_0_dummy,
          enter_bailey_2
D:10:     layout_small_grid, uniq_grum, uniq_joseph, uniq_erica
D:11:     hangedman_cross_stitches, layout_basic
D:12:     layout_stronghold, xom_teletrap_fun, uniq_azrael
D:13:     kennysheep_ambush_hall, layout_layer_cave, ximxim_vaults_locker_room,
          serial_shops, shop_statue, nicolae_shop_statue_plus, shop,
          nicolae_shop_temple_entry_statues_fountains,
          ebering_dispersal_statue_hall, minivault_7, uniq_josephine, uniq_kirke
D:14:     layout_basic, minmay_misc_feat_more_columns, uniq_nessos
D:15:     gammafunk_enter_depths_forms, layout_small_grid,
          gammafunk_ghost_abyssal_escape, enter_trove_0,
          serial_co_window_serial, co_window_corner_a, co_window_corner_a,
          co_window_paths_a, co_window_cross_1, co_window_paths_a,
          co_window_broadway_a, co_window_2corner, co_window_paths_c,
          co_window_corner_b, glass_columns_a, glass_columns_a
Temple:   roderic_octagonal_lattice_temple
Lair:1:   layout_cave_pods, beast_lair_carwin_5
Lair:2:   layout_loops_ring, minmay_snake_entry_guardpost_medium,
          bh_autumn_forest_stairs, lemuel_centaur_altar
Lair:3:   layout_hall_layers, elwin_shoals_entry_rocks, grunt_megastairs_2
Lair:4:   layout_loops_ring, cheibrodos_lair_reptile_den, grunt_megastairs_5
Lair:5:   layout_cave_pods, minmay_slime_entry_pillars, serial_bayou_shore_b,
          lemuel_fruit_fields
Lair:6:   hellmonk_lair_end_abyssal_woods, layout_cave_pods, basic_altar,
          infiniplex_staircase_pool_2, lemuel_fruit_fields
Shoals:1: layout_shoals, hangedman_shoals_cup_caves
Shoals:2: cheibrodos_shoals_satyrical_garden, layout_shoals, uniq_nikola
Shoals:3: layout_shoals, nicolae_shoals_lost_giant_temple,
          nicolae_shoals_mertower
Shoals:4: shoals_end_simple, layout_shoals
Snake:1:  layout_gridlike, nicolae_snake_springs, uniq_asterion
Snake:2:  layout_chambers, serial_shops, nicolae_stop_n_shop_2
Snake:3:  layout_chambers, nicolae_snake_salamander_fort, lemuel_fruit_tree
Snake:4:  grunt_snake_rune_pools, layout_cave_town, uniq_vashnia
Slime:1:  layout_caves
Slime:2:  layout_caves
Slime:3:  layout_caves
Slime:4:  layout_caves, uniq_dissolution
Slime:5
Orc:1:    layout_diamond_mine, enter_volcano_1, nicolae_orc_flooded_monolith,
          uniq_sonja, uniq_maurice
Orc:2:    grunt_orc_gardens, layout_caves, grunt_orc_garden, grunt_orc_garden,
          grunt_orc_garden, grunt_orc_garden, hellmonk_bongcloud_opening,
          nicolae_orc_lava_room, uniq_saint_roka, uniq_erolcha
Elf:1:    nicolae_elf_arrival_aired_out, layout_onion_city, serial_shops, shop,
          minmay_elf_demonology, hex_medium
Elf:2:    nicolae_elf_blades_splatter_lattice [infiniplex_blade_entry_pillars],
          layout_geoelf_octagon, hangedman_elven_pyramids, uniq_agnes
Elf:3:    grunt_elf_hall_diamonds, layout_onion_city, serial_shops, shop,
          basic_altar
Vaults:1: vaults_room_hangedman_quadrants, grunt_vaults_hallway_short,
          ontoclasm_vaults_idyll, grunt_vaults_twisty, v_misc_9,
          ontoclasm_vaults_chip, hangedman_vaults_capsules,
          layout_vaults_big_room, serial_shops, shop_fountains, uniq_donald
Vaults:2: st_squares, hangedman_vaults_slice, vaults_room_ringed_pool,
          nicolae_vaults_twisting_passages, minmay_crypt_entry_simple_plaza,
          v_misc_15, v_misc_4, hangedman_vaults_river_flow,
          hangedman_vaults_nails, v_misc_30, layout_vaults_ring, serial_shops,
          nicolae_shop_window_shopping
Vaults:3: nicolae_vaults_border_crossing, nicolae_vaults_shelves_hall,
          hangedman_vaults_impose, ontoclasm_vaults_bender,
          ontoclasm_vaults_loading_screen, vaults_room_door_ring, v_misc_17,
          nicolae_vaults_big_ls, v_pattern_3, v_misc_27,
          nicolae_vaults_little_squares_4, ontoclasm_vaults_gateway,
          vaults_room_fours, hangedman_vaults_trim, grunt_vaults_hallway_long,
          layout_vaults_omnicross, serial_shops, shop, shop,
          nicolae_lakefront_shop, nicolae_square_shop, nicolae_square_shop
Vaults:4: vaults_room_large_hall, hangedman_vaults_restitches,
          ontoclasm_vaults_spin, grunt_vaults_trifunnel, sword_in_stone,
          nicolae_vaults_windows_and_doors_thing, vaults_room_semicircle,
          grunt_vaults_diagonal, v_alt_pattern_2, ontoclasm_vaults_twist,
          layout_vaults_omnibox
Vaults:5: uniq_sojobo
Crypt:1:  layout_basic, gammafunk_ghost_crypt, grunt_crypt_arrival_webbed
Crypt:2:  layout_chaotic_city, corexii_hall_statues_u
Crypt:3:  quadcrypt_mu
Depths:1: layout_big_octagon, hell_entry, nicolae_dithmenos_shadow_blocks,
          door_vault, serial_bayou_shore_b
Depths:2: thingy_vault, layout_gridlike, hellmouth_2, nicolae_lava_and_water,
          special_room [special_room_magic_class], minmay_liquid_box,
          lemuel_flame_loot_1
Depths:3: wad_pebble_path, layout_small_grid, lemuel_round_altar,
          rand_demon_pan_entry_5, hell_entry
Depths:4: minmay_dotted_concentric_squares, layout_basic, enter_ziggurat_b,
          abyss_entry, pf_coc_iceberg, serial_bayou_pond_b, pandoras_box_mu,
          uniq_frederick
Depths:5: grunt_crosshair, layout_twisted_cross, grunt_hell_entry_dis_mu,
          nicolae_qazlal_eye_of_the_storm, serial_shops, shop,
          nicolae_sif_muna_condensation, infiniplex_staircase_pool_lava,
          serial_bayou_shore_b
Zot:1:    layout_gridlike, hangedman_zot_decor_slant
Zot:2:    layout_gridlike
Zot:3:    lemuel_acid_trip, layout_cathedral_of_symmetry
Zot:4:    layout_gridlike, zot_minivault_3
Zot:5:    layout_gridlike, skrybe_zot_glass_1

Skill      XL: |  1  2  3  4  5  6  7  8  9 10 11 12 13 14 15 16 17 18 19 20 21 22 23 24 25 26 27 |
---------------+----------------------------------------------------------------------------------+-----
Fighting       | 4 5 6 7 8 10 11 12 13 14 15 16 17 19 20 21 22 23 25 27 | 27.0
Armour         | 4 5 7 8 10 11 13 14 15 16 17 18 19 20 21 23 26 27 | 27.0
Shields        | 4 5 6 7 8 9 10 11 13 15 17 20 22 23 25 26 27 | 27.0
Dodging        | 1 2 3 4 5 10 | 10.3
Axes           | 9 15 17 19 20 27 | 27.0
Evocations     | 1 2 5 6 8 10 15 21 | 21.8

Action                   |  1- 3 |  4- 6 |  7- 9 | 10-12 | 13-15 | 16-18 | 19-21 | 22-24 | 25-27 || total
-------------------------+-------+-------+-------+-------+-------+-------+-------+-------+-------++-------
Melee: War axe           |    62 |   144 |   256 |   628 |  1074 |   943 |  1288 |  1460 |  2799 ||  8654
       Headbutt          |     6 |    27 |    49 |   167 |   258 |   284 |   444 |   558 |  1316 ||  3109
       Scimitar          |       |       |       |       |    26 |       |       |       |       ||    26
       Broad axe         |       |       |       |       |       |       |       |       |   594 ||   594
Throw: Javelin           |       |       |       |     5 |       |     8 |       |       |       ||    13
Invok: Potion Petition   |       |       |       |       |     1 |     1 |     1 |       |     2 ||     5
       Bribe Branch      |       |       |       |       |       |       |       |       |     1 ||     1
Evoke: Wand              |       |       |       |    14 |     6 |       |       |       |     1 ||    21
       Lightning rod     |       |       |       |     5 |     9 |       |     8 |     8 |    25 ||    55
       Condenser vane    |       |       |       |     1 |     1 |     2 |     3 |     4 |     6 ||    17
       Tin of tremorston |       |       |       |       |     2 |     3 |     5 |     7 |    12 ||    29
       Phial of floods   |       |       |       |       |       |       |     1 |     3 |     2 ||     6
       Box of beasts     |       |       |       |       |       |       |       |       |     3 ||     3
       Phantom mirror    |       |       |       |       |       |       |       |       |     2 ||     2
  Use: Scroll            |       |     6 |     6 |     8 |    12 |     2 |     4 |     5 |     8 ||    51
       Potion            |       |       |     3 |     4 |     5 |     4 |     2 |     2 |    10 ||    30
 Stab: Distracted        |       |       |       |       |     9 |     5 |    12 |    10 |    45 ||    81
       Petrified         |       |       |       |       |     3 |       |       |       |       ||     3
       Petrifying        |       |       |       |       |     2 |       |       |       |       ||     2
       Held in net/web   |       |       |       |       |       |     2 |       |       |       ||     2
       Invisible         |       |       |       |       |       |       |     6 |       |     1 ||     7
       Confused          |       |       |       |       |       |       |       |     8 |       ||     8
Armor: Scale mail        |    23 |       |       |       |       |       |       |       |       ||    23
       Plate armour      |    11 |    88 |   237 |   469 |   644 |   261 |   198 |       |       ||  1908
       Crystal plate arm |       |       |       |       |       |       |   139 |   498 |   977 ||  1614
Dodge: Dodged            |    22 |    58 |   148 |   241 |   229 |   215 |   208 |   209 |   460 ||  1790
Block: Buckler           |    17 |    31 |    97 |   192 |    55 |       |       |       |       ||   392
       Tower shield      |       |       |       |       |   774 |   970 |  1169 |  1088 |  2286 ||  6287
       Reflection        |       |       |       |       |       |    57 |    88 |       |       ||   145

Table legend: (Time is in decaauts)
 A = Elapsed time spent in this place.
 B = Non-inter-level travel time spent in this place.
 C = Inter-level travel time spent in this place.
 D = Time resting spent in this place.
 E = Time spent auto-exploring this place.
 F = Levels seen in this place.
 G = Mean time per level.
                   A        B        C        D        E       F      G
               +--------+--------+--------+--------+--------+-----+--------+
         Total |  78181 |  68271 |   9910 |   5605 |  45362 |  68 | 1149.7 |
       Dungeon |  21536 |  16935 |   4601 |   1980 |  11632 |  15 | 1435.7 |
        Temple |    307 |    268 |     39 |      0 |    246 |   1 |  307.0 |
          Lair |   7004 |   6161 |    843 |    120 |   4921 |   6 | 1167.3 |
        Shoals |   4708 |   4401 |    307 |    482 |   2958 |   4 | 1177.0 |
     Snake Pit |   5574 |   5203 |    371 |    461 |   3111 |   4 | 1393.5 |
    Slime Pits |   3485 |   3243 |    242 |    229 |   2296 |   5 |  697.0 |
  Orcish Mines |   2125 |   1837 |    288 |    119 |   1140 |   2 | 1062.5 |
   Elven Halls |   3925 |   3554 |    371 |    379 |   2179 |   3 | 1308.3 |
        Vaults |   8963 |   7171 |   1792 |    412 |   4821 |   5 | 1792.6 |
         Crypt |   3836 |   3710 |    126 |    265 |   2465 |   3 | 1278.7 |
        Depths |   6698 |   5941 |    757 |    365 |   3777 |   5 | 1339.6 |
           Zot |   4858 |   4690 |    168 |    255 |   3342 |   5 |  971.6 |
         Abyss |   3651 |   3651 |      0 |      6 |   1946 |   8 |  456.4 |
        Bailey |    318 |    318 |      0 |    103 |     64 |   1 |  318.0 |
       Volcano |   1186 |   1186 |      0 |    428 |    461 |   1 | 1186.0 |
               +--------+--------+--------+--------+--------+-----+--------+

Top non-repeatable levels by time:
    D:15: 2944 daAuts
    D:13: 2275 daAuts
Vaults:5: 2100 daAuts
Depths:2: 2068 daAuts
Vaults:3: 1835 daAuts
Vaults:4: 1814 daAuts
Vaults:2: 1704 daAuts
 Snake:3: 1692 daAuts
 Snake:4: 1650 daAuts
  Lair:6: 1634 daAuts
 Crypt:3: 1627 daAuts
     D:5: 1603 daAuts
     D:4: 1597 daAuts
 Abyss:2: 1565 daAuts
     D:9: 1559 daAuts
